 Dungeon Crawl Stone Soup version 0.26.1-11-gd32895ea62 (webtiles) character file.

Game seed: 2839646044008909346

156 H0rd4k the Insei (level 5, -4/33 HPs)
             Began as an Octopode Transmuter on May 5, 2021.
             Killed from afar by an orc wizard (10 damage)
             ... with a puff of flame
             ... on level 3 of the Dungeon.
             The game lasted 00:01:19 (2579 turns).

H0rd4k the Insei (Octopode Transmuter)              Turns: 2579, Time: 00:01:19

Health: -4/33      AC:  1    Str:  9    XL:     5   Next: 38%
Magic:  9/9        EV: 13    Int: 16    God:
Gold:   148        SH:  0    Dex: 13    Spells: 5/9 levels left

rFire    . . .     SeeInvis .     - Unarmed
rCold    . . .     Faith    .   (no shield)
rNeg     . . .     Spirit   .   (helmet restricted)
rPois    .         Reflect  .   (no amulet)
rElec    .         Harm     .   f - ring of willpower
rCorr    .         Rampage  .   (no ring)
Will     +....                  (no ring)
Stlth    +++.......             (no ring)
HPRegen  0.11/turn              (no ring)
MPRegen  0.11/turn              (no ring)
                                (no ring)
                                (no ring)

@: no status effects
A: almost no armour, stealthy swim, amphibious, 8 rings, constrict 8, camouflage
1, gelatinous body 1
a: no special abilities


You were on level 3 of the Dungeon.
You visited 1 branch of the dungeon, and saw 3 of its levels.

You collected 148 gold pieces.

Inventory:

Jewellery
 f - a ring of willpower (left tentacle)
 j - a cursed -4 ring of dexterity {unknown}
Scrolls
 a - 3 scrolls of magic mapping {unknown}
 d - a scroll of enchant weapon {unknown}
 e - a scroll of teleportation {unknown}
 g - a scroll of remove curse {unknown}
 h - 2 scrolls of blinking {unknown}
 i - a scroll of fear {unknown}
 l - 2 scrolls of identify {unknown}
Potions
 b - a potion of magic {unknown}
 c - 3 potions of curing {unknown}
 k - a potion of might {unknown}
 m - 2 potions of invisibility {unknown}
 n - a potion of degeneration {unknown}


   Skills:
 + Level 1.1 Fighting
 + Level 2.3 Dodging
 + Level 2.0 Stealth
 + Level 4.3 Unarmed Combat
 * Level 2.8 Spellcasting
 * Level 2.5 Transmutations
 * Level 1.3 Poison Magic


You had 5 spell levels left.
You knew the following spells:

 Your Spells              Type           Power        Failure   Level
a - Beastly Appendage     Tmut           20%          7%          1
b - Spider Form           Tmut/Pois      4%           26%         3

Your spell library contained the following spells:

 Spells                   Type           Power        Failure   Level
 Wereblood                Tmut           10%          11%         2
 Ice Form                 Ice/Tmut       6%           75%         4
 Blade Hands              Tmut           5%           88%         5


Dungeon Overview and Level Annotations

Branches:
Dungeon (3/15)

Altars:
Trog
Vehumet


Innate Abilities, Weirdness & Mutations

You cannot wear most types of armour.
You are very stealthy in the water. (Stealth+)
You are amphibious.
You can wear up to eight rings at the same time.
You can use your tentacles to constrict eight enemies at once.
Your skin changes colour to match your surroundings (Stealth+).
Your rubbery body absorbs attacks. (AC +1, EV +1)


Message History

The orc misses you.
You tentacle-slap the orc.
You kill the orc!
The orc throws a boomerang.
The boomerang hits you.
The weapon returns to the orc!
The orc misses you.
Things that are here:
a +0 ring mail; a +0 dagger; a +0 robe You tentacle-slap the orc.
You kill the orc!
You closely miss something. Something hits you.
You closely miss something. Your squeeze misses something.
Something barely misses you. Something hits you.
You tentacle-slap something. Something hits you.
* * * LOW HITPOINT WARNING * * *
You miss something.
You hear some strange, mumbled words.
A puff of flame appears from out of thin air!
The puff of flame hits you!
You die...

#.# #.#
##.##############..
#.................#
#.................#
##
#...###...######..#
#. ##o##
#............ .#
#{# #.#.##......#
##.# #@#
#.#.##..##..# #..#
#.# #.#.##.(##..#
#.# #.#
#.#.##..##..# #.#
#.# #.#..........
#.# #.#
#.####..#####
#####.##### #.# #.#
#..# #.........#
#.# #.# #..#####
#.###.###.# #.# #..
........ #.# #.#
#.# #########


You could see an orc.

Vanquished Creatures
  An orc wizard (D:3)
  Natasha (twice) (D:2)
  An adder (D:2)
  2 oozes
  A worm (D:2)
  2 dart slugs
  2 leopard geckos (D:2)
  2 orcs (D:3)
  A ball python (D:1)
  5 bats
  4 giant cockroaches
  3 goblins
  3 hobgoblins
  5 jackals
  2 quokkas (D:3)
  A frilled lizard (D:1)
  7 kobolds
  3 rats
47 creatures vanquished.

Notes
Turn   | Place    | Note
-------+----------+-------------------------------------------
     0 | D:1      | H0rd4k the Octopode Transmuter began the quest for the Orb.
     0 | D:1      | Reached XP level 1. HP: 13/13 MP: 3/3
   338 | D:1      | Reached XP level 2. HP: 14/18 MP: 5/5
   641 | D:1      | Reached XP level 3. HP: 17/23 MP: 6/6
   994 | D:1      | Learned a level 3 spell: Spider Form
  1295 | D:2      | Reached skill level 4 in Unarmed Combat
  1412 | D:2      | Found a radiant altar of Vehumet.
  1652 | D:2      | Reached XP level 4. HP: 26/28 MP: 7/7
  1796 | D:2      | Found a bloodstained altar of Trog.
  1844 | D:2      | Noticed Natasha
  1852 | D:2      | Killed Natasha
  1853 | D:2      | Reached skill level 1 in Stealth
  2142 | D:2      | Noticed Natasha
  2156 | D:2      | Killed Natasha
  2157 | D:2      | Reached skill level 1 in Poison Magic
  2157 | D:2      | Reached XP level 5. HP: 17/33 MP: 9/9
  2579 | D:3      | Killed from afar by an orc wizard

Illustrated notes

Levels and vault maps discovered:
D:1:      dpeg_arrival_prison, layout_basic, minmay_tall_x
D:2:      layout_basic, lightli_temple_of_fire, general_overflow_altar,
          uniq_natasha
D:3:      layout_loops_ring, gammafunk_ghost_smash, tso_altar, uniq_ijyb

Skill      XL: |  1  2  3  4  5 |
---------------+----------------+-----
Unarmed Combat | 4 |  4.3
Stealth        | 1 2 |  2.0
Poison Magic   | 1 |  1.3
Fighting       | |  1.1
Dodging        | |  2.3
Spellcasting   | |  2.8
Transmutations | |  2.5

Action                   |  1- 3 |  4- 6 || total
-------------------------+-------+-------++-------
Melee: Unarmed           |    80 |    45 ||   125
       Constrict         |    17 |     9 ||    26
       Tentacles         |    13 |     9 ||    22
       Punch             |     3 |     1 ||     4
 Stab: Sleeping          |     6 |     7 ||    13
Armor: Skin              |     2 |     1 ||     3
Dodge: Dodged            |    42 |    17 ||    59
